 Dungeon Crawl Stone Soup version 0.30-a0-1018-g25214051b3 (webtiles) character file.

Game seed: 3012142885926019699

61 ThatPearl the Chopper (level 4, -4/41 HPs)
             Began as a Hill Orc Monk on Apr 8, 2023.
             Slain by an ogre
             ... wielding a +0 giant spiked club
              (23 damage)
             ... on level 2 of the Dungeon.
             The game lasted 00:02:25 (1394 turns).

ThatPearl the Chopper (Hill Orc Monk)               Turns: 1394, Time: 00:02:26

Health: -4/41      AC:  5    Str: 15    XL:     4   Next: 7%
Magic:  4/4        EV: 11    Int: 10    God:
Gold:   39         SH:  0    Dex: 13    Spells: 3/3 levels left

rFire   . . .      SeeInvis .    a - +0 hand axe
rCold   . . .      Faith    .    (no shield)
rNeg    . . .      Spirit   .    i - +0 ring mail
rPois   .          Reflect  .    (no helmet)
rElec   .          Rampage  .    (no cloak)
rCorr   .                        (no gloves)
Will    .....                    (no boots)
Stlth   +                        (no amulet)
HPRegen 0.26/turn                (no ring)
MPRegen 0.09/turn                (no ring)

@: no status effects
A: no striking features
a: no special abilities


You were on level 2 of the Dungeon.
You visited 1 branch of the dungeon, and saw 2 of its levels.

You collected 39 gold pieces.

Inventory:

Hand Weapons
 a - a +0 hand axe (weapon)
Missiles
 b - 6 boomerangs (quivered)
 h - 30 stones
Armour
 i - a +0 ring mail (worn)
Scrolls
 d - 6 scrolls of identify {unknown}
 e - 4 scrolls of noise {unknown}
 f - 2 scrolls of vulnerability {unknown}
 g - a scroll of enchant weapon {unknown}
 k - a scroll of amnesia {unknown}
Potions
 c - a potion of ambrosia
 j - a potion of flight {unknown}
 l - 2 potions of haste {unknown}
 m - a potion of might {unknown}


   Skills:
 + Level 4.4 Fighting
 * Level 5.7 Axes
 - Level 2.4 Dodging
 - Level 1.5 Stealth


You had 3 spell levels left.
You didn't know any spells.
Your spell library contained the following spells:

 Spells                   Type           Power      Damage    Failure   Level
 Apportation              Tloc           0%         N/A       58%         1
 Magic Dart               Conj           0%         1d3       58%         1
 Call Imp                 Summ           0%         N/A       75%         2
 Mephitic Cloud           Conj/Pois/Air  0%         N/A       92%         3
 Alistair's Intoxication  Tmut/Pois      0%         N/A       100%        5


Dungeon Overview and Level Annotations

Branches:
Dungeon (2/15)

Altars:


Message History

You see here a bat corpse.
d - 6 scrolls labelled QIDAFE VONOR (gained 1)
An ogre comes into view. It is wielding a +0 giant spiked club.
The ogre shouts!
An endoplasm comes into view.
Throw: 6 boomerangs
Press: ? - help, Q - select action, (/) - cycle Shift-Dir - straight line, f - ogre
Aim: an ogre, wielding a +0 giant spiked club (74% to hit)
You throw a boomerang. The endoplasm quivers.
The boomerang hits the ogre but does no damage.
You hit the ogre.
The ogre is lightly wounded.
The ogre closely misses you.
You hit the ogre.
The ogre is lightly wounded.
The ogre closely misses you.
You hit the ogre.
The ogre is heavily wounded.
You barely miss the ogre.
The ogre is heavily wounded.
The ogre hits you with a +0 giant spiked club!
You barely miss the ogre.
The ogre is heavily wounded.
The ogre barely misses you.
You hit the ogre but do no damage.
The ogre is heavily wounded.
You hit the ogre.
The ogre is heavily wounded.
The ogre barely misses you.
You hit the ogre.
The ogre is severely wounded.
The ogre hits you with a +0 giant spiked club!
You closely miss the ogre.
The ogre is severely wounded.
You hit the ogre.
The ogre is almost dead.
The ogre hits you with a +0 giant spiked club!!
Ouch! That really hurt!
You die...

########
######......#
....##.####.######
###.##.#.........#
#..†...##.####.#
####.####.# #.#
#.####.# #.###
#.†....# #@..#
######## #O###.#
#J# .# #. # . #. #
####.# .....#


You could see an ogre and an endoplasm.

Vanquished Creatures
  An adder (D:2)
  2 worms (D:2)
  A dart slug (D:2)
  5 ball pythons
  9 bats
  An endoplasm (D:2)
  3 giant cockroaches
  4 goblins
  4 jackals (D:1)
  3 quokkas (D:1)
  4 frilled lizards
  6 rats
43 creatures vanquished.

Notes
Turn   | Place    | Note
-------+----------+-------------------------------------------
     0 | D:1      | ThatPearl the Hill Orc Monk began the quest for the Orb.
     0 | D:1      | Reached XP level 1. HP: 19/19 MP: 1/1
    77 | D:1      | Reached XP level 2. HP: 26/27 MP: 2/2
   482 | D:1      | Reached skill level 5 in Axes
   504 | D:1      | Found a faded altar of an unknown god.
   569 | D:1      | Reached XP level 3. HP: 31/33 MP: 3/3
  1228 | D:2      | Reached XP level 4. HP: 36/41 MP: 4/4
  1382 | D:2      | Noticed an ogre
  1394 | D:2      | Slain by an ogre

Illustrated notes

Levels and vault maps discovered:
D:1:      lightli_arrival_quake, layout_loops_corners, basic_ecumenical_altar,
          hangedman_decor_growths
D:2:      layout_loops_cross

Skill      XL: |  1  2 |
---------------+-------+-----
Fighting       | 4 |  4.4
Axes           | 5 |  5.7
Dodging        | |  2.4
Stealth        | |  1.5

Action                     |  1- 3 |  4- 6 || total
---------------------------+-------+-------++-------
  Melee: Hand axe          |   101 |    18 ||   119
  Throw: Boomerang         |       |     1 ||     1
   Stab: Sleeping          |     2 |       ||     2
 Armour: Robe              |    14 |       ||    14
         Ring mail         |    15 |     1 ||    16
  Dodge: Dodged            |    70 |    15 ||    85

Table legend: (Time is in decaauts)
 A = Elapsed time spent in this place.
 B = Non-inter-level travel time spent in this place.
 C = Inter-level travel time spent in this place.
 D = Time resting spent in this place.
 E = Time spent auto-exploring this place.
 F = Levels seen in this place.
 G = Mean time per level.
                   A        B        C        D        E       F      G
               +--------+--------+--------+--------+--------+-----+--------+
         Total |   1399 |   1386 |     13 |      0 |   1058 |   2 |  699.5 |
       Dungeon |   1399 |   1386 |     13 |      0 |   1058 |   2 |  699.5 |
               +--------+--------+--------+--------+--------+-----+--------+

Top non-repeatable levels by time:
     D:1: 947 daAuts
     D:2: 451 daAuts
